 Dungeon Crawl Stone Soup version 0.13.0-19-g8e0b589 (console) character file.

579400 Sapz the Meteorologist (level 25, -1/152 HPs)
             Began as a Deep Elf Conjurer on Oct 23, 2013.
             Was the Champion of Sif Muna.
             Killed from afar by a yellow draconian scorcher (55 damage)
             ... with a blast of hellfire
             ... on Level 3 of the Realm of Zot on Oct 25, 2013.
             The game lasted 11:27:38 (104577 turns).

Sapz the Meteorologist (Deep Elf Conjurer)        Turns: 104577, Time: 11:27:39

HP  -1/152       AC 19     Str  7      XL: 25   Next: 80%
MP   1/49        EV 27     Int 34      God: Sif Muna [******]
Gold 2930        SH 15     Dex 18      Spells: 11 memorised,  5 levels left

Res.Fire  : + . .   See Invis. : .   Q - staff of air
Res.Cold  : + . .   Warding    : .   w - +2 robe {Archmagi}
Life Prot.: . . .   Conserve   : .   x - +3 buckler {AC+3}
Res.Poison: +       Res.Corr.  : .   d - +2 helmet {Int+3}
Res.Elec. : +       Clarity    : .   A - +2 elf cloak {rPois}
Sust.Abil.: . .     Spirit.Shd : .   T - +2 pair of orc gauntlets
Res.Mut.  : +       Stasis     : .   u - +2 pair of dwarf boots {rC+}
Res.Rott. : .       Flight     : .   N - amulet of resist mutation
Saprovore : . . .                    D - ring "Kleum" {Hunger- MR++ Str+1 Dex+2 Stlth++}
                                     O - ring of the Dragon {rElec rF+}

@: deflect missiles, very slightly contaminated, hasted, very quick, incredibly
resistant to hostile enchantments, fairly stealthy
A: no striking features
a: Channel Energy, Forget Spell, Renounce Religion
}: 3/15 runes: serpentine, barnacled, silver


You were on level 3 of the Realm of Zot.
You worshipped Sif Muna.
Sif Muna was exalted by your worship.
You were hungry.

You visited 9 branches of the dungeon, and saw 61 of its levels.
You also visited: Labyrinth and Ice Cave.

You collected 5617 gold pieces.
You spent 2707 gold pieces at shops.


   Skills:
 + Level 14.9 Fighting
 + Level 18.3 Dodging
 - Level 2.4 Stealth
 - Level 5.0 Shields
 - Level 23.3 Spellcasting
 - Level 13.0 Conjurations
 - Level 14.1 Charms
 - Level 2.0 Fire Magic
 - Level 4.8 Ice Magic
 O Level 27 Air Magic
 - Level 4.0 Earth Magic
 - Level 16.0 Invocations


You had 5 spell levels left.
You knew the following spells:

 Your Spells              Type           Power        Failure   Level  Hunger
a - Iron Shot             Conj/Erth      #######...   3%          6    None
b - Lightning Bolt        Conj/Air       #########.   0%          5    None
c - Sticky Flame          Conj/Fire      #######.     1%          4    None
d - Fireball              Conj/Fire      #######...   1%          5    None
r - Deflect Missiles      Chrm/Air       #########.   1%          6    None
C - Freezing Cloud        Conj/Ice/Air   ########..   1%          6    None
H - Haste                 Chrm           ########     1%          6    None
L - Conjure Ball Lightni  Conj/Air       #########.   1%          7    None
R - Regeneration          Chrm/Necr      #######...   1%          3    None
T - Tornado               Air            #########.   2%          9    #####..
W - Chain Lightning       Conj/Air       #########.   1%          8    ##.....


Dungeon Overview and Level Annotations

Branches:
Dungeon (27/27)            Temple (1/1) D:5             Orc (4/4) D:10
    Elf (3/3) Orc:3          Lair (8/8) D:10         Shoals (5/5) Lair:4
  Snake (5/5) Lair:6        Slime (0/6) Lair:7       Vaults (5/5) D:17
  Blade (0/1) Vaults:4      Crypt (0/5) Vaults:2        Zot (3/5) D:27

Altars:
Ashenzari
Cheibriados
Elyvilon
Fedhas
Kikubaaqudgha
Makhleb
Nemelex Xobeh
Okawaru
Sif Muna
Trog
Vehumet
Xom
Yredelemnul
Zin
the Shining One

Shops:
D:6 /   D:15 ?   D:16 !   Orc:2 [*[   Orc:4 [%(=*   Elf:2 (   Shoals:3 ?
Snake:4 /   Vaults:1 !   Vaults:2 /[=   Vaults:3 %

Portals:
Hell: D:21 D:22 D:23 D:24 D:25 D:26 D:27
Abyss: D:22 D:24 D:25 D:27
Pandemonium: D:24 D:27

Annotations:
Shoals:3 exclusion: oklob plant

Inventory:

Armour
 d - a +2 helmet of intelligence (worn)
   (You bought it in a shop on level 4 of the Orcish Mines)
 u - a +2 pair of dwarven boots of cold resistance (worn)
   (You found it in an ice cave)
 w - a +2 robe of the Archmagi (worn)
   (You bought it in a shop on level 2 of the Vaults)
 x - a +3 buckler of protection (worn)
   (You took it off a deep elf conjurer on level 3 of the Elven Halls)
 A - a +2 elven cloak of poison resistance (worn)
   (You found it on level 26 of the Dungeon)
 T - a +2 pair of orcish gauntlets (worn)
   (You found it on level 6 of the Lair of Beasts)
Magical devices
 g - a wand of heal wounds (9)
   (You acquired it on level 24 of the Dungeon)
 l - a wand of hasting (4)
   (You found it on level 5 of the Lair of Beasts)
 B - a wand of disintegration (11)
   (You took it off a merfolk on level 5 of the Shoals)
 I - a wand of digging (11)
   (You found it on level 5 of the Vaults)
 M - a wand of cold (6)
   (You found it on level 17 of the Dungeon)
 P - a wand of teleportation (7)
   (You acquired it on level 4 of the Lair of Beasts)
Comestibles
 a - 4 bread rations
 o - an apple
 L - 5 grapes
Scrolls
 b - a scroll of remove curse
 f - 2 scrolls of teleportation
 q - 3 scrolls of blinking
 r - 2 scrolls of fog
 t - 2 scrolls of magic mapping
 G - a scroll of fear
Jewellery
 n - an uncursed amulet of clarity
   (You took it off a deep elf knight on level 24 of the Dungeon)
 y - an uncursed amulet of resist corrosion
   (You found it on level 7 of the Lair of Beasts)
 D - the ring "Kleum" (right hand) {Hunger- MR++ Str+1 Dex+2 Stlth++}
   (You took it off a deep elf fighter on level 2 of the Vaults)

   [ring of sustenance]

   It affects your strength (+1).
   It affects your dexterity (+2).
   It affects your resistance to hostile enchantments.
   It makes you much more stealthy.
 K - an uncursed ring of protection from cold
   (You found it on level 4 of the Lair of Beasts)
 N - an amulet of resist mutation (around neck)
   (You found it on level 5 of the Dungeon)
 O - the ring of the Dragon (left hand) {rElec rF+}
   (You found it in a labyrinth)

   [ring of protection from fire]

   It insulates you from electricity.
 R - an uncursed ring of protection from fire
   (You took it off a fire giant on level 5 of the Vaults)
Potions
 c - 12 potions of curing
 e - 2 potions of magic
 k - 4 potions of resistance
 m - 3 potions of agility
 p - a potion of brilliance
 s - a potion of flight
 v - 2 potions of speed
 z - 4 potions of restore abilities
 C - a potion of heal wounds
 F - a potion of porridge
Magical staves
 Q - an uncursed staff of air (weapon)
   (You found it on level 3 of the Elven Halls)

≈.≈.≈# ..
≈d≈.≈#.#
#..##≈d≈.#...
#..#¤¤≈.....#
..##¤.#.≈¤¤....#
...¤.¤..≈¤≈d...#
.......¤¤¤.¤...##
#.¤¤..¤¤¤¤¤¤¤...#
##..¤d¤¤¤@≈¤....#
#..¤.¤.¤¤≈¤#...#
#¤¤¤¤¤.¤¤.≈# .#
##..¤.#D¤)≈#
#....#≈.≈¤≈#
#..¤##¤.≈¤¤# #.¤.
≈.¤¤≈¤≈# #...
≈¤≈≈¤.≈#
#...########


You could see a storm dragon, 2 draconians and 2 draconians.


Message History

The tentacled monstrosity grabs you.
The tentacled monstrosity constricts you!
Casting: Iron Shot
Aiming: Iron Shot
Aim: an orb of fire (raging winds, water, severely damaged)
The iron shot misses the orb of fire.
You are engulfed in raging winds.
You kill the tentacled monstrosity!
Casting: Iron Shot You don't have enough magic to cast that spell.
A yellow draconian scorcher comes into view.
It is wielding a short sword.
You are engulfed in raging winds.
You kill the white draconian!
The yellow draconian scorcher roars!
The yellow draconian scorcher spits acid at you.
You deflect the splash of acid! The red draconian breathes fire at you.
The searing blast misses you. The red draconian breathes fire at you.
The searing blast misses you.
Use which ability? (? or * to list)
You channel some magical energy.
You feel somewhat more hungry.
You are engulfed in raging winds.
You destroy the orb of fire!
The yellow draconian scorcher gestures at you while chanting.
The hellfire explodes!
The blast of hellfire engulfs you!
One of your 3 scrolls of fog catches fire!
Casting: Iron Shot You feel a strong surge of power!
You hear a mighty clap of thunder!
The lightning arc hits the storm dragon.
The storm dragon completely resists.
The storm dragon is moderately wounded.
The lightning arc hits you! You resist.
The lightning arc hits the storm dragon.
The storm dragon completely resists.
The storm dragon is moderately wounded.
The lightning arc hits you! You resist.
The lightning arc hits the storm dragon.
The storm dragon completely resists.
The storm dragon is moderately wounded.
The lightning arc hits you! You resist.
The lightning arc hits the storm dragon.
The storm dragon completely resists.
The storm dragon is moderately wounded.
The lightning arc hits you!
The lightning arc hits the storm dragon.
The storm dragon completely resists.
The storm dragon is moderately wounded.
The lightning arc hits you!
You are engulfed in raging winds.
The winds around you start to calm down.
You float gracefully downwards.
The storm dragon breathes lightning at you.
You deflect the bolt of lightning! Why would you want to do that?
A black draconian scorcher comes into view.
It is wielding an elven long sword.
You are engulfed in raging winds.
You are engulfed in raging winds.
The yellow draconian scorcher casts a spell at you.
The hellfire explodes!
The blast of hellfire engulfs you!
One of your 4 scrolls of blinking catches fire!
Your scroll of identify catches fire!
* * * LOW HITPOINT WARNING * * *
You enter the shallow water.
Moving in this stuff is going to be slow.
You hear a distant "Zot"!
The yellow draconian scorcher points at you and mumbles some strange words.
The hellfire explodes!
The blast of hellfire engulfs you!
Your scroll of holy word catches fire!
You die...

Action                   |  1- 3 |  4- 6 |  7- 9 | 10-12 | 13-15 | 16-18 | 19-21 | 22-24 | 25-27 || total
-------------------------+-------+-------+-------+-------+-------+-------+-------+-------+-------++-------
Melee: Unarmed           |     2 |       |       |       |       |       |       |       |       ||     2
       Spear             |       |     7 |     3 |     8 |    13 |     1 |       |       |       ||    32
       Scimitar          |       |       |       |     3 |       |       |       |       |       ||     3
       Staff             |       |       |       |       |       |     3 |    49 |    11 |     1 ||    64
 Cast: Magic Dart        |    76 |    64 |   203 |   589 |   869 |   375 |       |       |       ||  2176
       Searing Ray       |     4 |     5 |     5 |       |       |       |       |       |       ||    14
       Iskenderun's Myst |       |    11 |    38 |    48 |    25 |       |       |       |       ||   122
       Dazzling Spray    |       |     4 |     5 |     2 |       |       |       |       |       ||    11
       Iskenderun's Batt |       |     2 |    32 |   118 |   205 |   123 |       |       |       ||   480
       Fulminant Prism   |       |       |     4 |       |       |       |       |       |       ||     4
       Haste             |       |       |       |    18 |    28 |    32 |     4 |    15 |     4 ||   101
       Static Discharge  |       |       |       |    31 |    52 |    25 |       |       |       ||   108
       Lightning Bolt    |       |       |       |    52 |   235 |   327 |   214 |   138 |     3 ||   969
       Regeneration      |       |       |       |     5 |     4 |     8 |     5 |     3 |       ||    25
       Fireball          |       |       |       |       |   104 |    98 |    51 |    13 |     1 ||   267
       Deflect Missiles  |       |       |       |       |    17 |    33 |    47 |    52 |    15 ||   164
       Freezing Cloud    |       |       |       |       |     4 |    72 |    25 |     2 |       ||   103
       Conjure Ball Ligh |       |       |       |       |       |    82 |    20 |     5 |       ||   107
       Sticky Flame      |       |       |       |       |       |    26 |    33 |     2 |       ||    61
       Chain Lightning   |       |       |       |       |       |       |   225 |   317 |    75 ||   617
       Tornado           |       |       |       |       |       |       |    61 |    36 |     9 ||   106
       Iron Shot         |       |       |       |       |       |       |       |    12 |     3 ||    15
Invok: Channel Energy    |       |       |     7 |    66 |   123 |   107 |   207 |   125 |    20 ||   655
       Forget Spell      |       |       |       |     1 |       |       |     2 |       |       ||     3
Evoke: Wand              |     2 |     4 |     5 |     6 |    12 |     3 |     8 |     3 |     1 ||    44
       Rod               |       |       |       |       |     2 |       |     2 |       |       ||     4
  Use: Potion            |       |     2 |     2 |     1 |     4 |     7 |    10 |     1 |     2 ||    29
       Scroll            |       |       |    15 |    19 |    22 |    22 |    10 |    12 |     1 ||   101

Vault maps used:
D:1:      mrwooster_entry_arrow
D:2:      minivault_14
D:4:      general_overflow_altar, minmay_goblin_outpost
D:5:      minmay_temple_entry_overgrown, first_bread, nrook_pool_corridor,
          grunt_ministairs_7, hangedman_abyss_or_decor_stabs
D:6:      lemuel_doored_altar, serial_shops, shop, uniq_eustachio,
          uniq_blork_the_orc, uniq_crazy_yiuf_cottage
D:7:      okawaru_altar_gauntlet_db
D:8:      nemelex_dance_club_becter, uniq_psyche, uniq_joseph
D:9:      overflow_temple_1_default
D:10:     david_orc_1_choice, minmay_lair_entry_grove, grunt_ministairs_14
D:11:     basic_altar, uniq_nessos
D:12:     uniq_maurice, uniq_erica
D:13:     corner_web_ring, uniq_nergalle, uniq_fannar
D:14:     serial_ice, serial_ice_j, serial_ice_e, serial_ice_a, serial_ice_o,
          serial_ice_h, portal_ice_cave_entry_animals_and_master,
          abandoned_shop, grunt_ogre_cave
D:15:     serial_shops, shop, minmay_misc_feat_room, uniq_kirke
D:16:     roderic_lattice_octagonal_star, serial_shops, shop
D:17:     david_vaults_1, grunt_decor_one_mirror, tgw_xom
D:18:     uniq_agnes, uniq_wiglaf, uniq_mara
D:19:     minmay_misc_feat_encased
D:20:     minmay_door_square
D:21:     hell_entry, lemuel_hellish_altar
D:22:     grunt_twist_and_shout, basic_altar, abyss_entry, hell_entry,
          nicolae_sextant, hangedman_abyss_or_decor_stagger
D:23:     minivault_24, hell_entry
D:24:     grunt_profane_halls, hell_entry, pan_entry, abyss_entry
D:25:     infiniplex_staircase_zigzag_5, abyss_entry, roderic_serpentine_path,
          hell_entry, basic_altar
D:26:     minmay_outward_triangles, hell_entry, minmay_crystal_water,
          uniq_margery, uniq_frederick
D:27:     grunt_zot_entry_alcove, serial_sigils, serial_sigils_hangedman_stare,
          serial_sigils_hangedman_quiver, serial_sigils_hangedman_etch,
          serial_sigils_hangedman_quiver, serial_sigils_hangedman_scar,
          abyss_entry, hell_entry, ashenzari_altar_1, pan_entry, uniq_boris
Temple:   minmay_crystal_spiral_temple_12
Orc:1:    bloody_makhleb
Orc:2:    serial_shops, shop, shop, shop, nicolae_orc_lava_room, uniq_harold,
          uniq_josephine
Orc:3:    nicolae_orc_tapped_out, uniq_erolcha, uniq_urug
Orc:4:    serial_shops, shop_fountains, st_orc_open, nooodl_orcs_dogs
Elf:1:    elf_arrival_flame, uniq_donald
Elf:2:    serial_shops, shop
Elf:3:    elf_hall, uniq_nikola
Lair:2:   zaba_antful_of_joy
Lair:3:   worms_lemuel
Lair:4:   minmay_shoals_entry_hut
Lair:5:   lab_entry_generic
Lair:6:   minmay_snake_entry_guardpost_small, nicolae_slime_entry_corroded_items
Lair:7:   slime_altar_2
Lair:8:   kennels, bearwithus, minmay_lair_venomous_thicket
Shoals:1: uniq_roxanne
Shoals:2: nicolae_shoals_kraken_intersection, uniq_polyphemus
Shoals:3: serial_shops, shop, nicolae_shoals_c_island
Shoals:4: nicolae_shoals_wave_tunnel, uniq_snorg
Shoals:5: shoals_end_simple, shoal_ilsuiw
Snake:1:  uniq_sonja
Snake:3:  hangedman_snake_corridor_split, uniq_aizul, uniq_norris
Snake:4:  serial_shops, shop
Snake:5:  grunt_snake_rune_pools
Vaults:1: v_rooms_6, nicolae_vaults_little_squares_3,
          ontoclasm_vaults_claustrophobia, vaults_room_hallway, v_misc_5,
          vaults_dpeg_encased_lava, v_alt_pattern_1, hangedman_vaults_pinch,
          grunt_vaults_swirl, ontoclasm_vaults_ring_small, serial_shops, shop,
          uniq_rupert, uniq_frances
Vaults:2: minmay_crypt_entry_simple_statues, v_pattern_5,
          nicolae_vaults_stairing_the_circle, v_misc_10,
          hangedman_vaults_stream, vaults_room_pool,
          ontoclasm_vaults_ring_small, v_rooms_4, nicolae_vaults_quartermaster,
          v_alt_pattern_2, nicolae_vaults_rhombus_5, vaults_room_hallway,
          vaults_room_pools, serial_shops, shop, shop, shop
Vaults:3: hangedman_vaults_locks, vaults_dpeg_cross, v_misc_1,
          grunt_vaults_funnel, hangedman_vaults_snaps, st_diamondy,
          nicolae_vaults_what_the_h, vaults_room_grid,
          nicolae_vaults_twisting_passages, nicolae_vaults_rhombus_6,
          serial_shops, shop_statue
Vaults:4: v_pattern_2, nicolae_vaults_blade_pointy_end, grunt_vaults_bifocal,
          hangedman_vaults_hat, ontoclasm_vaults_bender,
          hangedman_vaults_corner_blocks, dpeg_vaults_monster_box,
          dpeg_vaults_pockets_of_resistance, v_alt_pattern_1,
          hangedman_vaults_impose, vaults_room_pool, v_misc_23,
          nicolae_vaults_little_squares_6, hangedman_vaults_stitches,
          vaults_dpeg_hooks, uniq_mennas, uniq_xtahua
Zot:2:    lemuel_acid_trip
Zot:3:    hangedman_elemental_grid_stream
Lab:      labyrinth_hidden_loot
IceCv:    ice_cave_small_demon

Notes
Turn   | Place    | Note
--------------------------------------------------------------
     0 | D:1      | Sapz, the Deep Elf Conjurer, began the quest for the Orb.
     0 | D:1      | Reached XP level 1. HP: 10/10 MP: 4/4
   104 | D:1      | Reached skill level 2 in Spellcasting
   195 | D:1      | Reached XP level 2. HP: 15/15 MP: 0/7
   360 | D:1      | Learned a level 2 spell: Searing Ray
   689 | D:2      | Reached skill level 3 in Spellcasting
   801 | D:2      | Reached XP level 3. HP: 13/19 MP: 2/10
   905 | D:2      | Reached skill level 5 in Conjurations
  1579 | D:2      | Reached skill level 4 in Spellcasting
  1579 | D:2      | Reached XP level 4. HP: 24/24 MP: 6/14
  1584 | D:2      | Learned a level 3 spell: Dazzling Spray
  1589 | D:2      | Learned a level 4 spell: Iskenderun's Mystic Blast
  2533 | D:4      | Reached XP level 5. HP: 17/28 MP: 0/18
  2573 | D:5      | Entered Level 5 of the Dungeon
  2727 | D:4      | Reached skill level 5 in Spellcasting
  2995 | D:4      | Reached skill level 6 in Conjurations
  3174 | D:4      | Learned a level 4 spell: Iskenderun's Battlesphere
  3284 | D:4      | Noticed a necrophage
  3293 | D:4      | Killed a necrophage
  3293 | D:4      | Reached skill level 6 in Spellcasting
  3293 | D:4      | Reached skill level 2 in Charms
  3293 | D:4      | Reached XP level 6. HP: 32/32 MP: 2/21
  3449 | D:4      | Noticed an ogre
  3452 | D:4      | Killed an ogre
  3452 | D:4      | Reached skill level 3 in Charms
  3605 | D:4      | Found a radiant altar of Vehumet.
  3692 | D:5      | Noticed an ogre
  3695 | D:5      | Killed an ogre
  3695 | D:5      | Reached skill level 4 in Charms
  3695 | D:5      | Reached XP level 7. HP: 36/36 MP: 16/23
  3971 | D:5      | Found a staircase to the Ecumenical Temple.
  3983 | Temple   | Entered the Ecumenical Temple
  4008 | Temple   | Became a worshipper of Sif Muna the Loreminder
  4172 | D:5      | Reached skill level 5 in Charms
  4303 | D:5      | Noticed an ogre
  4306 | D:5      | Killed an ogre
  4306 | D:5      | Reached skill level 7 in Spellcasting
  4306 | D:5      | Reached skill level 7 in Conjurations
  4511 | D:5      | Noticed an ogre
  4521 | D:5      | Killed an ogre
  4797 | D:6      | Reached skill level 8 in Spellcasting
  4903 | D:6      | Acquired Sif Muna's first power
  4940 | D:6      | Reached XP level 8. HP: 13/41 MP: 14/26
  4984 | D:6      | Reached skill level 8 in Conjurations
  5121 | D:6      | Noticed Eustachio
  5132 | D:6      | Killed Eustachio
  5132 | D:6      | Reached skill level 1 in Invocations
  5195 | D:6      | Paralysed by a giant eyeball for 2 turns
  5222 | D:6      | Found Kaosch's Magical Wand Shoppe.
  5269 | D:6      | Found a white marble altar of Elyvilon.
  5308 | D:6      | Reached skill level 9 in Spellcasting
  5308 | D:6      | Reached skill level 2 in Invocations
  5440 | D:6      | Noticed Crazy Yiuf
  5448 | D:6      | Killed Crazy Yiuf
  5531 | D:6      | Noticed Blork the orc
  5534 | D:6      | Killed Blork the orc
  5534 | D:6      | Acquired Sif Muna's second power
  5534 | D:6      | Reached skill level 3 in Invocations
  5700 | D:6      | Learned a level 6 spell: Haste
  5948 | D:7      | Reached skill level 6 in Charms
  6130 | D:6      | Learned a level 5 spell: Fulminant Prism
  6154 | D:7      | Reached skill level 9 in Conjurations
  6154 | D:7      | Reached XP level 9. HP: 45/45 MP: 13/28
  6407 | D:7      | Noticed bgiannan's ghost (experienced HOBe)
  6437 | D:7      | Killed bgiannan's ghost
  6437 | D:7      | Reached skill level 7 in Charms
  6437 | D:7      | Reached skill level 4 in Invocations
  6473 | D:7      | Reached skill level 8 in Charms
  6747 | D:7      | Paralysed by you for 2 turns
  6850 | D:7      | Found an iron altar of Okawaru.
  7249 | D:8      | Reached skill level 9 in Charms
  7266 | D:8      | Reached skill level 5 in Invocations
  7474 | D:8      | Noticed Joseph
  7483 | D:8      | Killed Joseph
  7483 | D:8      | Reached skill level 10 in Charms
  7706 | D:8      | Noticed Psyche
  7712 | D:8      | Killed Psyche
  7712 | D:8      | Reached skill level 10 in Conjurations
  7965 | D:8      | Reached XP level 10. HP: 50/50 MP: 16/30
  8027 | D:8      | Found a sparkling altar of Nemelex Xobeh.
  8070 | D:9      | Acquired Sif Muna's third power
  8099 | D:9      | Found a sparkling altar of Nemelex Xobeh.
  8191 | D:9      | Learned a level 3 spell: Static Discharge
  8199 | D:9      | Learned a level 5 spell: Lightning Bolt
  8318 | D:9      | Reached skill level 11 in Charms
  8342 | D:9      | Reached skill level 6 in Invocations
  8817 | D:10     | Entered Level 10 of the Dungeon
  8880 | D:10     | Noticed a hill giant
  8891 | D:10     | Killed a hill giant
  8891 | D:10     | Reached skill level 12 in Charms
  9092 | D:10     | Reached skill level 7 in Invocations
  9285 | D:10     | Found a staircase to the Lair.
  9685 | D:10     | Reached skill level 11 in Conjurations
  9730 | D:10     | Reached skill level 13 in Charms
  9935 | D:10     | Found a staircase to the Orcish Mines.
  9994 | D:10     | Reached XP level 11. HP: 44/54 MP: 4/31
 10925 | D:10     | Noticed a hill giant
 10943 | D:10     | Killed a hill giant
 10943 | D:10     | Reached skill level 14 in Charms
 10955 | Lair:1   | Entered Level 1 of the Lair of Beasts
 10955 | Lair:1   | Noticed a five-headed hydra
 10959 | Lair:1   | Killed a five-headed hydra
 10959 | Lair:1   | Reached skill level 1 in Air Magic
 10959 | Lair:1   | Reached skill level 8 in Invocations
 10994 | Lair:1   | Reached skill level 2 in Air Magic
 11006 | Lair:1   | Identified the Papyrus of Summoning
 11260 | Lair:1   | Reached skill level 3 in Air Magic
 11420 | Lair:1   | Got a brightly glowing spear
 11421 | Lair:1   | Identified the spear "Demonslayer" {pierce, rElec Int+4} (You found it on level 1 of the Lair of Beasts)
 11812 | Lair:2   | Gained mutation: You have a fast metabolism. [mutagenic glow]
 12388 | Lair:2   | Reached skill level 10 in Spellcasting
 12566 | Lair:2   | Received a gift from Sif Muna
 12566 | Lair:2   | Reached skill level 4 in Air Magic
 12572 | Lair:2   | Identified Sif Muna's Tome of Lucky Conjuration (Sif Muna gifted it to you on level 2 of the Lair of Beasts)
 13001 | Lair:2   | Reached skill level 5 in Air Magic
 13008 | Lair:2   | Reached skill level 9 in Invocations
 13148 | Lair:2   | Reached skill level 11 in Spellcasting
 13167 | Lair:2   | Learned a level 6 spell: Deflect Missiles
 13337 | Lair:2   | Reached XP level 12. HP: 59/59 MP: 18/33
 13337 | Lair:2   | Reached skill level 6 in Air Magic
 14406 | Lair:3   | Reached skill level 7 in Air Magic
 14689 | Lair:3   | Received a gift from Sif Muna
 14689 | Lair:3   | Reached skill level 10 in Invocations
 15359 | Lair:4   | Noticed a five-headed hydra
 15363 | Lair:4   | Killed a five-headed hydra
 15423 | Lair:4   | Reached skill level 12 in Spellcasting
 15429 | Lair:4   | Reached skill level 8 in Air Magic
 15438 | Lair:4   | Learned a level 3 spell: Regeneration
 15783 | Lair:4   | Found a staircase to the Shoals.
 15978 | Lair:4   | Got a brightly glowing brass ring
 16137 | Lair:4   | Identified a scroll of acquirement
 16599 | Lair:5   | Found a labyrinth entrance.
 16625 | Lab      | Entered a labyrinth
 17245 | Lab      | Noticed a minotaur
 17257 | Lab      | Killed a minotaur
 17257 | Lab      | Reached skill level 9 in Air Magic
 17257 | Lab      | Reached skill level 11 in Invocations
 17268 | Lab      | Got a smoking tin ring
 17269 | Lab      | Got an ichor-stained robe
 17284 | Lab      | Identified the cursed +0 robe of the Hills {rF+ MR+ SInv} (You found it in a labyrinth)
 17303 | Lair:5   | Identified a -2 rod of destruction (13/13) (You found it in a labyrinth)
 17306 | Lair:5   | Identified the ring of the Dragon {rElec rF+} (You found it in a labyrinth)
 18062 | Lair:6   | Got a colourful robe
 18069 | Lair:6   | Identified the cursed -2 robe "Edwumnih" {rElec Acc+3} (You found it on level 6 of the Lair of Beasts)
 18095 | Lair:6   | Found a staircase to the Snake Pit.
 18285 | Lair:6   | Reached XP level 13. HP: 63/63 MP: 11/35
 18292 | Lair:6   | Noticed a seven-headed hydra
 18775 | Lair:6   | Killed a seven-headed hydra
 18775 | Lair:6   | Reached skill level 3 in Dodging
 18841 | Lair:6   | Found a staircase to the Slime Pits.
 19007 | Lair:6   | the staircase to the Slime Pits was a mimic.
 19023 | Lair:6   | Reached skill level 10 in Air Magic
 19359 | Lair:7   | Reached skill level 4 in Dodging
 19638 | Lair:7   | Received a gift from Sif Muna
 19672 | Lair:7   | Identified the ring "Sutosak" {Ice Str+2 Dam-6} (You found it on level 4 of the Lair of Beasts)
 19860 | Lair:7   | Reached skill level 5 in Dodging
 20161 | Lair:7   | Found a staircase to the Slime Pits.
 20206 | Lair:7   | Reached skill level 11 in Air Magic
 20400 | Lair:8   | Entered Level 8 of the Lair of Beasts
 20735 | Lair:7   | Reached skill level 6 in Dodging
 21465 | Lair:8   | Identified a +0 rod of fiery destruction (12/12) (You found it on level 8 of the Lair of Beasts)
 21590 | Lair:8   | Reached skill level 12 in Air Magic
 21815 | Lair:8   | Reached skill level 7 in Dodging
 23667 | Lair:8   | Reached XP level 14. HP: 68/68 MP: 31/36
 23860 | Lair:8   | Reached skill level 8 in Dodging
 24188 | Lair:8   | Reached skill level 13 in Air Magic
 24967 | Orc:1    | Entered Level 1 of the Orcish Mines
 24986 | Orc:1    | Found a burning altar of Makhleb.
 25013 | Orc:1    | Got an ichor-stained whip
 25104 | Orc:1    | Identified the whip of Xadel {speed, rElec rN+} (You found it on level 1 of the Orcish Mines)
 25217 | Orc:2    | Noticed Harold
 25251 | Orc:2    | Found Smiclud's General Store.
 25251 | Orc:2    | Found Simuang's Antique Armour Shoppe.
 25526 | Orc:2    | Bought a buckler for 72 gold pieces
 25616 | Orc:2    | Noticed Josephine
 25618 | Orc:2    | Killed Josephine
 25618 | Orc:2    | Received a gift from Sif Muna
 25621 | Orc:2    | Identified Sif Muna's Grimoire of Freezing Aid (Sif Muna gifted it to you on level 2 of the Orcish Mines)
 25625 | Orc:2    | Found Psav's Antique Armour Shop.
 25644 | Orc:2    | Bought a tattered robe for 153 gold pieces
 25651 | Orc:2    | Identified the cursed -5 robe of the Iron City of Dis {Int+4 Dam+5} (You bought it in a shop on level 2 of the Orcish Mines)
 26549 | Orc:3    | Noticed Urug
 26556 | Orc:3    | Noticed Erolcha
 26559 | Orc:3    | Killed Urug
 26559 | Orc:3    | Reached skill level 9 in Dodging
 26561 | Orc:3    | Found a staircase to the Elven Halls.
 26781 | Orc:2    | Killed Harold
 26959 | Orc:3    | Killed Erolcha
 27310 | Orc:4    | Entered Level 4 of the Orcish Mines
 27310 | Orc:4    | Found Yharium's Weapon Shoppe.
 27310 | Orc:4    | Found Mugg's Jewellery Emporium.
 27678 | Orc:4    | Reached skill level 14 in Air Magic
 28022 | Orc:4    | Reached skill level 10 in Dodging
 28145 | Orc:4    | Found Odwaetox's Food Boutique.
 28160 | Orc:4    | Found Skuazej's Antique Armour Emporium.
 28185 | Orc:4    | Bought a shiny helmet for 80 gold pieces
 28710 | Orc:4    | Found Plaung's General Store.
 28962 | Orc:4    | Bought the ring of Thuvian {MP+9 Dex+3 Dam+4} for 672 gold pieces
 29658 | D:11     | Noticed Nessos
 29670 | D:11     | Killed Nessos
 30007 | D:11     | Found a shimmering altar of Xom.
 30128 | D:11     | Learned a level 5 spell: Fireball
 30493 | D:12     | Reached skill level 1 in Fire Magic
 30610 | D:12     | Noticed Erica
 30619 | D:12     | Killed Erica
 30953 | D:12     | Reached skill level 2 in Fire Magic
 31225 | D:13     | Noticed Nergalle
 31230 | D:13     | Killed Nergalle
 31413 | D:13     | Received a gift from Sif Muna
 31416 | D:13     | Identified Giuteb's Volume of Freezing Confrontation (Sif Muna gifted it to you on level 13 of the Dungeon)
 31423 | D:13     | Reached XP level 15. HP: 70/72 MP: 8/37
 31606 | D:13     | Reached skill level 15 in Air Magic
 31732 | D:13     | Noticed Fannar
 31740 | D:13     | Killed Fannar
 32048 | D:13     | Reached skill level 13 in Spellcasting
 32048 | D:13     | Reached skill level 12 in Conjurations
 32094 | D:13     | Learned a level 6 spell: Freezing Cloud
 32500 | D:14     | Entered Level 14 of the Dungeon
 32682 | D:14     | Reached skill level 1 in Ice Magic
 33136 | D:14     | Reached skill level 2 in Ice Magic
 33203 | D:14     | Found a frozen archway.
 33245 | IceCv    | Entered an ice cave
 33595 | IceCv    | Reached skill level 1 in Fighting
 33703 | IceCv    | Reached skill level 2 in Fighting
 33935 | IceCv    | Reached skill level 3 in Fighting
 34583 | D:15     | Entered Level 15 of the Dungeon
 34593 | D:15     | Reached skill level 4 in Fighting
 34846 | D:15     | Reached skill level 3 in Ice Magic
 35323 | D:15     | Noticed Kirke
 35324 | D:15     | Killed Kirke
 35414 | D:15     | Reached skill level 5 in Fighting
 35453 | D:15     | Found Vamaf's Magic Scroll Emporium.
 35468 | D:15     | Bought a scroll of enchant armour for 77 gold pieces
 35468 | D:15     | Bought a scroll of enchant armour for 77 gold pieces
 35708 | D:15     | Reached skill level 4 in Ice Magic
 36491 | D:16     | Received a gift from Sif Muna
 36499 | D:16     | Reached skill level 6 in Fighting
 36500 | D:16     | Identified Truesh's Compendium of Gliding Attacks (Sif Muna gifted it to you on level 16 of the Dungeon)
 36769 | D:16     | Found Troh's Distillery.
 36937 | D:17     | Reached skill level 14 in Spellcasting
 37108 | D:17     | Found a staircase to the Vaults.
 37582 | D:17     | Found a shimmering altar of Xom.
 37979 | D:17     | Reached XP level 16. HP: 86/86 MP: 39/39
 38781 | Orc:4    | Bought an uncursed ring of poison resistance for 280 gold pieces
 39028 | Shoals:1 | Entered Level 1 of the Shoals
 39034 | Shoals:1 | Reached skill level 15 in Spellcasting
 39716 | Shoals:2 | Noticed Polyphemus
 39726 | Shoals:2 | Received a gift from Sif Muna
 39962 | Shoals:1 | Learned a level 7 spell: Conjure Ball Lightning
 39982 | Shoals:2 | Killed Polyphemus
 41201 | Shoals:2 | Identified Sif Muna's Papyrus of Glacial Conjuration (Sif Muna gifted it to you on level 2 of the Shoals)
 41891 | Shoals:3 | Found Gysaoh's Magic Scroll Shop.
 41894 | Shoals:3 | Bought a scroll of blinking for 88 gold pieces
 42081 | Shoals:4 | Received a gift from Sif Muna
 42081 | Shoals:4 | Reached skill level 16 in Air Magic
 42275 | Shoals:3 | Reached skill level 13 in Conjurations
 42407 | Snake:1  | Entered Level 1 of the Snake Pit
 42457 | Snake:1  | Noticed Sonja
 42457 | Snake:1  | Killed Sonja
 42462 | Snake:1  | HP: 15/86 [spore (15)]
 44508 | Snake:2  | Reached skill level 17 in Air Magic
 45024 | Snake:3  | Received a gift from Sif Muna
 45032 | Snake:3  | Identified Sif Muna's Incunabulum of Combat Magic and Flames (Sif Muna gifted it to you on level 3 of the Snake Pit)
 45680 | Snake:3  | Noticed Norris
 45686 | Snake:3  | Reached XP level 17. HP: 61/90 MP: 21/40
 45702 | Snake:3  | Killed Norris
 45832 | Snake:3  | Noticed Aizul
 45844 | Snake:3  | Killed Aizul
 46711 | Snake:4  | Reached skill level 18 in Air Magic
 46919 | Snake:4  | Received a gift from Sif Muna
 46922 | Snake:4  | Identified Sif Muna's Handbook of Attacks and Protection (Sif Muna gifted it to you on level 4 of the Snake Pit)
 46929 | Snake:4  | Learned a level 4 spell: Sticky Flame
 47070 | Snake:4  | Found Peigeb's Magical Wand Shop.
 47198 | Snake:4  | Bought a wand of digging (7) for 352 gold pieces
 48172 | D:12     | Noticed Maurice
 48177 | D:12     | Killed Maurice
 48318 | D:12     | Upgraded the game from 0.13.0-18-g7b03ea5 to 0.13.0-19-g8e0b589
 48449 | Elf:1    | Entered Level 1 of the Elven Halls
 48666 | Elf:1    | Noticed Donald
 48671 | Elf:1    | Killed Donald
 48671 | Elf:1    | Reached skill level 11 in Dodging
 49634 | Elf:2    | HP: 11/92 [deep elf knight/arrow (34)]
 50379 | Elf:2    | Reached skill level 7 in Fighting
 50446 | Elf:2    | Found Hamol's Antique Weapon Boutique.
 50513 | Elf:3    | Entered Level 3 of the Elven Halls
 50569 | Elf:3    | Noticed Nikola
 50584 | Elf:3    | Killed Nikola
 50865 | Elf:3    | Reached skill level 12 in Dodging
 51630 | Elf:3    | Reached skill level 8 in Fighting
 51644 | Elf:3    | Noticed a Hell Sentinel
 52078 | Elf:3    | Reached skill level 13 in Dodging
 52157 | Elf:3    | Noticed an Ice Fiend
 52516 | Elf:3    | Reached XP level 18. HP: 100/100 MP: 26/41
 52525 | Elf:3    | Reached skill level 9 in Fighting
 52897 | Elf:3    | Reached skill level 14 in Dodging
 53064 | Elf:3    | Identified Sif Muna's Papyrus of Lucky Beguiling
 53218 | Elf:3    | Identified the Disquisition on Confrontation and Cold
 53224 | Elf:3    | Got an encrusted double sword
 53225 | Elf:3    | Identified the double sword of Autumn {drain, rPois rF+} (You found it on level 3 of the Elven Halls)
 53240 | Elf:3    | Got a twitching brass amulet
 53241 | Elf:3    | Identified the amulet of Chooh {+Rage +Inv Str+1 Acc+4} (You found it on level 3 of the Elven Halls)
 53320 | Elf:3    | Got a faintly humming steam dragon armour
 53330 | Elf:3    | Identified the +0 steam dragon armour "Shrong" {Str+4 Dex-3 Acc+2} (You found it on level 3 of the Elven Halls)
 53378 | Elf:3    | Got a brightly glowing quarterstaff
 54531 | D:18     | Noticed Wiglaf
 54541 | D:18     | Noticed Mara
 54921 | D:18     | Killed Mara
 55275 | D:18     | Noticed Agnes
 55823 | D:18     | Killed Agnes
 56061 | D:18     | Reached skill level 19 in Air Magic
 56164 | D:18     | Killed Wiglaf
 56609 | Vaults:1 | Entered Level 1 of the Vaults
 56609 | Vaults:1 | Noticed Frances
 56615 | Vaults:1 | Killed Frances
 56977 | Vaults:1 | Received a gift from Sif Muna
 56978 | Vaults:1 | Identified Sif Muna's Guide on Combat Magic (Sif Muna gifted it to you on level 1 of the Vaults)
 59047 | Vaults:1 | Received a gift from Sif Muna
 59048 | Vaults:1 | Identified Shumyte's Papyrus of Sinister Talismans (Sif Muna gifted it to you on level 1 of the Vaults)
 59265 | Vaults:1 | Found Twaevaet's Distillery.
 59656 | Vaults:1 | Noticed Rupert
 59658 | Vaults:1 | Reached skill level 20 in Air Magic
 59899 | Vaults:1 | Killed Rupert
 60803 | Vaults:2 | Reached skill level 16 in Spellcasting
 60900 | Vaults:2 | Reached XP level 19. HP: 98/107 MP: 3/42
 61454 | Vaults:2 | Found Onakh's Jewellery Shoppe.
 61459 | Vaults:2 | Bought a +3 ring of intelligence for 298 gold pieces
 61582 | Vaults:2 | Found Tudenut's Magical Wand Emporium.
 61880 | Vaults:2 | Learned a level 9 spell: Tornado
 61951 | Vaults:2 | Received a gift from Sif Muna
 62015 | Vaults:2 | Identified Gastronok's Catalogue of Boosts (Sif Muna gifted it to you on level 2 of the Vaults)
 62052 | Vaults:2 | Reached skill level 17 in Spellcasting
 63374 | Vaults:2 | Found Nunkesi's Armour Shoppe.
 63385 | Vaults:2 | Bought a +0 robe of the Archmagi for 142 gold pieces
 63424 | Vaults:2 | Got a brightly glowing bronze ring
 63426 | Vaults:2 | Identified the ring "Kleum" {Hunger- MR++ Str+1 Dex+2 Stlth++} (You took it off a deep elf fighter on level 2 of the Vaults)
 63507 | Vaults:2 | Reached skill level 18 in Spellcasting
 63682 | Vaults:2 | Found a staircase to the Crypt.
 63846 | Vaults:3 | Received a gift from Sif Muna
 64036 | Vaults:3 | Identified Sif Muna's Incunabulum of Conjuration (Sif Muna gifted it to you on level 3 of the Vaults)
 64373 | Vaults:3 | Reached skill level 19 in Spellcasting
 64987 | Vaults:3 | Found a staircase to the Crypt.
 64989 | Vaults:3 | the staircase to the Crypt was a mimic.
 65521 | Vaults:3 | Received a gift from Sif Muna
 65522 | Vaults:3 | Identified Sif Muna's Catalogue of Flying Confrontation (Sif Muna gifted it to you on level 3 of the Vaults)
 65537 | Vaults:3 | Learned a level 8 spell: Chain Lightning
 66009 | Vaults:3 | HP: 15/107 [ogre mage/crystal spear[an ironheart preserver] (48)]
 67132 | Shoals:4 | Noticed Snorg
 67141 | Shoals:4 | Killed Snorg
 67604 | Shoals:4 | Reached skill level 20 in Spellcasting
 67770 | Shoals:5 | Entered Level 5 of the Shoals
 67793 | Shoals:5 | Noticed Ilsuiw
 67795 | Shoals:5 | Reached XP level 20. HP: 84/112 MP: 3/44
 67806 | Shoals:5 | HP: 14/112 [something (10)]
 68855 | Vaults:3 | Reached skill level 21 in Air Magic
 69072 | Vaults:3 | Received a gift from Sif Muna
 69218 | Vaults:3 | Found Jigher's Food Boutique.
 70123 | Vaults:4 | Reached skill level 21 in Spellcasting
 70164 | Vaults:4 | Received a gift from Sif Muna
 70578 | Vaults:4 | HP: 22/112 [chain lightning (3)]
 71282 | Vaults:4 | HP: 20/112 [necromancer/bolt of fire (15)]
 71905 | Vaults:4 | Noticed Xtahua
 71911 | Vaults:4 | Killed Xtahua
 72142 | Vaults:4 | HP: 16/112 [wolf spider (24)]
 72146 | Vaults:4 | HP: 4/112 [wolf spider (20)]
 72148 | Vaults:4 | HP: 1/112 [wolf spider (23)]
 72445 | Vaults:2 | Learned a level 5 spell: Lightning Bolt
 72652 | Vaults:3 | Bought a bread ration for 52 gold pieces
 72652 | Vaults:3 | Bought a meat ration for 52 gold pieces
 72652 | Vaults:3 | Bought a bread ration for 52 gold pieces
 72652 | Vaults:3 | Bought a bread ration for 52 gold pieces
 72652 | Vaults:3 | Bought a meat ration for 52 gold pieces
 72652 | Vaults:3 | Bought a royal jelly for 156 gold pieces
 72846 | D:19     | Received a gift from Sif Muna
 72854 | D:19     | Identified Sif Muna's Tome of Execration (Sif Muna gifted it to you on level 19 of the Dungeon)
 73468 | D:19     | Lost mutation: You have a fast metabolism. [potion of cure mutation]
 73666 | D:20     | Entered Level 20 of the Dungeon
 74286 | D:20     | Reached skill level 22 in Air Magic
 74381 | D:20     | Reached skill level 22 in Spellcasting
 75405 | D:21     | Found a gateway to Hell.
 75604 | D:21     | Reached XP level 21. HP: 117/117 MP: 10/46
 75885 | D:21     | Found a basalt altar of Yredelemnul.
 76378 | D:22     | Found a burning altar of Makhleb.
 76546 | D:22     | Found a one-way gate to the infinite horrors of the Abyss.
 76595 | D:22     | Received a gift from Sif Muna
 76621 | D:22     | Identified Sif Muna's Compendium of Necromancy (Sif Muna gifted it to you on level 22 of the Dungeon)
 78242 | D:23     | Reached skill level 23 in Spellcasting
 78251 | D:23     | Received a gift from Sif Muna
 80060 | D:24     | Found a sparkling altar of Nemelex Xobeh.
 80094 | D:24     | Reached skill level 23 in Air Magic
 80095 | D:24     | Received a gift from Sif Muna
 80108 | D:24     | HP: 23/117 [yaktaur captain/ bolt (22)]
 81212 | D:24     | Found a bloodstained altar of Trog.
 81226 | D:24     | Received a gift from Sif Muna
 81227 | D:24     | Identified Sif Muna's Incunabulum of Quantum Stolen Souls (Sif Muna gifted it to you on level 24 of the Dungeon)
 81252 | D:24     | Got a heavily runed steel ring
 81271 | D:24     | Reached XP level 22. HP: 118/123 MP: 1/47
 81520 | D:24     | Found a deep blue altar of Sif Muna.
 81920 | D:24     | Reached skill level 24 in Air Magic
 81932 | D:24     | Found a white marble altar of Elyvilon.
 81933 | D:24     | Found a one-way gate leading to the halls of Pandemonium.
 82271 | D:21     | Identified the ring of Psiaf {rN+ Int+1 SInv} (You took it off a deep elf fighter on level 24 of the Dungeon)
 82837 | D:25     | Entered Level 25 of the Dungeon
 82906 | D:25     | Received a gift from Sif Muna
 82912 | D:25     | Identified Sif Muna's Grimoire of Lethal Stones (Sif Muna gifted it to you on level 25 of the Dungeon)
 83918 | D:25     | Received a gift from Sif Muna
 83918 | D:25     | Reached skill level 25 in Air Magic
 83921 | D:25     | Identified Sif Muna's Collected Works on Spatial Evil Arts (Sif Muna gifted it to you on level 25 of the Dungeon)
 84145 | D:25     | Found a glowing golden altar of the Shining One.
 84999 | D:26     | Received a gift from Sif Muna
 85010 | D:26     | Identified Sif Muna's Almanac of Boosting Displacement (Sif Muna gifted it to you on level 26 of the Dungeon)
 85244 | D:26     | Noticed Margery
 85255 | D:26     | Killed Margery
 85255 | D:26     | Reached skill level 26 in Air Magic
 85433 | D:26     | Received a gift from Sif Muna
 85434 | D:26     | Identified Sif Muna's Disquisition on Black Arts (Sif Muna gifted it to you on level 26 of the Dungeon)
 85594 | D:26     | Noticed Frederick
 85596 | D:26     | Killed Frederick
 86303 | D:19     | Learned a level 6 spell: Iron Shot
 86415 | D:25     | Reached skill level 1 in Earth Magic
 86640 | D:25     | Reached skill level 2 in Earth Magic
 87040 | D:26     | Reached skill level 3 in Earth Magic
 87082 | D:26     | Reached skill level 4 in Earth Magic
 87921 | D:26     | Reached XP level 23. HP: 120/129 MP: 8/48
 88299 | D:27     | Entered Level 27 of the Dungeon
 88320 | D:27     | Noticed Boris
 88424 | D:27     | Killed Boris
 88424 | D:27     | Reached skill level 10 in Fighting
 88516 | D:26     | Reached skill level 15 in Dodging
 90013 | D:27     | Reached skill level 11 in Fighting
 90013 | D:27     | Reached skill level 16 in Dodging
 90213 | D:27     | Found a shattered altar of Ashenzari.
 91540 | Shoals:5 | Killed Ilsuiw
 91782 | Shoals:5 | Got a thick robe
 91789 | Shoals:5 | Identified the +2 robe of Gotzuo {Dex+3 Dam+5} (You found it on level 5 of the Shoals)
 92657 | Shoals:5 | Got a barnacled rune of Zot
 93076 | Snake:5  | Entered Level 5 of the Snake Pit
 93322 | Snake:5  | Reached skill level 1 in Shields
 94051 | Snake:5  | Reached skill level 2 in Shields
 94084 | Snake:5  | Reached skill level 3 in Shields
 94336 | Snake:5  | Reached skill level 4 in Shields
 94654 | Snake:5  | Reached skill level 5 in Shields
 94921 | Snake:5  | Got a serpentine rune of Zot
 95797 | Vaults:4 | Found a staircase to the Hall of Blades.
 95885 | Vaults:4 | Noticed Mennas
 95915 | Vaults:4 | Killed Mennas
 95915 | Vaults:4 | Reached skill level 12 in Invocations
 96167 | Vaults:4 | Reached XP level 24. HP: 140/140 MP: 40/48
 97025 | Vaults:5 | Entered Level 5 of the Vaults
 97029 | Vaults:5 | Reached skill level 13 in Invocations
 97032 | Vaults:5 | Reached skill level 14 in Invocations
 97728 | Vaults:5 | Reached skill level 15 in Invocations
 98291 | Vaults:5 | Reached skill level 16 in Invocations
 98329 | Vaults:5 | Reached skill level 12 in Fighting
 98861 | Vaults:5 | Identified the Volume of the Hart
 98872 | Vaults:5 | Got a warped robe
 98879 | Vaults:5 | Identified the cursed -5 robe of Misfortune {-Cast Contam *Tele EV-4 Str-2 Dex-2 Int-2 Stlth-- Curse} (You found it on level 5 of the Vaults)
 98923 | Vaults:5 | Gained mutation: Your vision is a little blurry. [mutagenic glow]
 99472 | Vaults:5 | Noticed an ancient lich
 99728 | Vaults:5 | Got a transparent robe
 99729 | Vaults:5 | Identified the +2 robe of the Guilds {+Inv rN+} (You took it off a vault sentinel on level 5 of the Vaults)
 99747 | Vaults:5 | Killed an ancient lich
 99747 | Vaults:5 | Reached skill level 13 in Fighting
 99932 | Vaults:5 | Got a silver rune of Zot
 99937 | Vaults:5 | Identified the Compendium of Dark Self-Knowledge (You found it on level 5 of the Vaults)
100333 | Vaults:5 | Identified the Papyrus of Attacks (You found it on level 5 of the Vaults)
100457 | Vaults:5 | Got a crude crystal amulet
100458 | Vaults:5 | Identified the amulet "Digexyapt" {Inacc rF+ Dex+1 Stlth+} (You found it on level 5 of the Vaults)
101051 | Vaults:4 | Reached skill level 14 in Fighting
101051 | Vaults:4 | Reached XP level 25. HP: 137/150 MP: 24/49
101573 | Zot:1    | Entered Level 1 of the Realm of Zot
102873 | D:19     | Lost mutation: Your vision is a little blurry. [potion of cure mutation]
103096 | Zot:2    | Reached skill level 27 in Air Magic
103098 | Zot:2    | Reached skill level 17 in Dodging
104530 | Zot:2    | Reached skill level 18 in Dodging
104558 | Zot:3    | Noticed an orb of fire
104573 | Zot:3    | Killed an orb of fire
104577 | Zot:3    | Killed from afar by a yellow draconian scorcher

Vanquished Creatures
  An orb of fire (Zot:3)
  An ancient lich (Vaults:5)
  Boris (D:27)
  Margery (D:26)
  Norris (Snake:3)
  Mara (D:18)
  Mennas (Vaults:4)
  4 golden dragons
  Xtahua (Vaults:4)
  3 bone dragons
  Frederick (D:26)
  An electric golem (Zot:1)
  Nikola (Elf:3)
  7 tentacled monstrosities
  3 titans
  3 quicksilver dragons
  3 liches
  3 deep elf blademasters
  3 deep elf master archers
  8 acid blobs (Zot:2)
  Polyphemus (Shoals:2)
  2 krakens
  A sphinx (Vaults:1)
  Rupert (Vaults:1)
  Agnes (D:18)
  Frances (Vaults:1)
  6 storm dragons
  6 shadow dragons
  Kirke (D:15)
  13 tengu reavers
  3 draconian monks
  Ilsuiw (Shoals:5)
  8 fire giants
  Donald (Elf:1)
  Wiglaf (D:18)
  4 draconian scorchers
  8 frost giants
  7 deep elf sorcerers
  2 orc warlords
  An iron dragon (D:27)
  A draconian knight (Zot:2)
  Aizul (Snake:3)
  A frost giant (shapeshifter) (D:24)
  5 draconian zealots
  8 vault wardens
  A draconian annihilator (Zot:2)
  A balrug (Elf:2)
  5 greater nagas (Snake:5)
  55 stone giants
  A grey draconian (D:27)
  9 deep elf annihilators
  2 green draconians (Zot:1)
  7 deep elf demonologists
  5 red draconians
  4 purple draconians
  14 yellow draconians
  2 blizzard demons (IceCv)
  4 white draconians
  4 black draconians
  5 merfolk javelineers (Shoals:5)
  3 mottled draconians
  8 ettins
  6 deep elf death magi
  24 vault guards (Vaults:5)
  A minotaur (shapeshifter) (Vaults:5)
  Snorg (Shoals:4)
  5 dragons
  A minotaur (Lab)
  4 merfolk impalers
  6 deep elf high priests
  11 ironheart preservers
  5 sirens
  4 great orbs of eyes
  A small abomination (D:24)
  2 death cobs (Zot:1)
  A jiangshi (Vaults:2)
  15 ogre magi
  9 ice dragons
  Fannar (D:13)
  5 merfolk aquamancers
  38 yaktaur captains
  Harold (Orc:2)
  Josephine (Orc:2)
  6 ravenous feature mimics
  Nessos (D:11)
  11 hydras
  An anaconda (shapeshifter) (D:15)
  10 anacondas
  Erica (D:12)
  8 deep troll earth magi
  6 death yaks
  A spriggan berserker (D:22)
  4 dancing weapons (Vaults:4)
  An alligator (shapeshifter) (Elf:3)
  7 deep troll shamans
  17 naga warriors
  2 orc high priests
  11 very ugly things
  A fire crab (shapeshifter) (D:20)
  Urug (Orc:3)
  A catoblepas (Shoals:2)
  5 sun demons
  2 spectral elves (Elf:3)
  2 fire crabs
  8 hell knights
  28 centaur warriors
  Nergalle (D:13)
  An iron golem (D:21)
  7 iron trolls
  22 deep elf knights
  3 soul eaters (D:24)
  2 storm dragon zombies
  11 skeletal warriors
  7 ice devils
  31 deep trolls
  An unseen horror (D:13)
  12 sea snakes
  A deep troll (shapeshifter) (D:24)
  3 flayed ghosts
  3 storm dragon skeletons
  Erolcha (Orc:3)
  A death drake (shapeshifter) (D:25)
  A shadow wraith (Vaults:2)
  10 hill giants
  An unseen horror (shapeshifter) (Vaults:2)
  3 ice statues
  30 orc knights
  A flaming corpse (D:24)
  5 giant amoebae
  15 deep elf conjurers
  2 hill giants (shapeshifter)
  A crystal golem (D:23)
  Sonja (Snake:1)
  The ghost of bgiannan the Cleaver, an experienced HOBe of Trog (D:7)
  Joseph (D:8)
  36 harpies
  15 cyclopes
  A griffon (shapeshifter) (Vaults:5)
  A moth of wrath (shapeshifter) (D:27)
  11 ironbrand convokers
  13 griffons
  5 oklob plants (Zot:2)
  7 wolf spiders
  A shadow dragon skeleton (D:23)
  A fire giant zombie (Vaults:3)
  A wolf spider (shapeshifter) (D:23)
  2 frost giant zombies
  A hellion (D:24)
  7 stone giant zombies
  8 necromancers
  5 moths of wrath
  2 red wasps (shapeshifter)
  4 red wasps
  5 spiny worms
  A stone golem (D:15)
  6 orc sorcerers
  A deep dwarf berserker (D:22)
  A draconian skeleton (Zot:1)
  3 phantasmal warriors
  6 fire giant skeletons
  4 wizards
  5 frost giant skeletons
  9 guardian serpents
  Maurice (D:12)
  A guardian serpent (shapeshifter) (Vaults:4)
  16 vault sentinels
  15 stone giant skeletons
  A vapour (Vaults:4)
  40 black mambas
  7 deep elf summoners
  A smoke demon (D:22)
  8 elephants
  A queen ant (Lair:2)
  A feature mimic (Lair:6)
  A yellow draconian zombie (Zot:1)
  Psyche (D:8)
  A tormentor (D:24)
  5 naga magi
  11 spiny frogs
  2 orange demons
  A red draconian zombie (Zot:1)
  An item mimic (Lair:6)
  A redback zombie (D:17)
  77 yaktaurs
  4 mermaids
  9 komodo dragons
  19 trolls
  3 red devils (D:24)
  A black draconian skeleton (Zot:1)
  7 deep elf priests
  3 iron troll skeletons
  2 demonic crawlers
  10 iron devils (D:24)
  A green draconian skeleton (Zot:1)
  A silent spectre (Vaults:2)
  A spriggan (shapeshifter) (D:22)
  A wind drake (shapeshifter) (Vaults:2)
  13 blue devils
  14 blink frogs
  A troll (shapeshifter) (Vaults:5)
  9 polar bears
  A harpy skeleton (D:20)
  A polar bear (shapeshifter) (D:19)
  A moth of wrath zombie (Zot:1)
  A griffon zombie (D:15)
  A jumping spider (D:23)
  2 fire drakes (Lair:6)
  56 slime creatures
  35 two-headed ogres
  A slime creature (shapeshifter) (Vaults:4)
  An ettin zombie (Vaults:1)
  11 boulder beetles
  An octopode (shapeshifter) (Vaults:5)
  A wolf spider simulacrum (D:18)
  A grizzly bear (shapeshifter) (Elf:1)
  13 grizzly bears
  13 snapping turtles
  A basilisk (shapeshifter) (Vaults:4)
  2 trapdoor spiders
  2 basilisks
  4 hill giant zombies
  A snapping turtle (shapeshifter) (D:27)
  31 water elementals
  2 merfolk (shapeshifter)
  43 yaks
  A tarantella (D:20)
  19 redbacks
  21 deep elf magi
  2 tarantellas (shapeshifter)
  122 ugly things
  A fire elemental (D:22)
  14 sharks
  4 wraiths
  4 hungry ghosts
  An ice dragon skeleton (D:17)
  An elephant slug (Lair:7)
  16 flying skulls (D:24)
  A hog (D:15)
  4 ettin skeletons
  2 shadows (D:11)
  Eustachio (D:6)
  19 vampire mosquitoes
  54 merfolk
  37 deep elf fighters
  9 soldier ants
  25 hippogriffs
  2 neqoxecs (Elf:3)
  A hippogriff (shapeshifter) (D:18)
  4 wyverns
  19 wolves
  A deep troll zombie (D:24)
  A rock worm (D:21)
  13 manticores
  4 swamp worms (Lair:3)
  A draconian (shapeshifter) (Vaults:5)
  2 hydra simulacra (Zot:3)
  A necrophage (D:4)
  12 porcupines
  An iron troll simulacrum (D:22)
  95 nagas
  13 freezing wraiths
  8 hell hounds
  4 mottled dragons
  6 ice beasts
  6 black bears
  9 giant goldfish
  A sky beast (D:11)
  3 kobold demonologists
  An ettin simulacrum (Vaults:1)
  5 humans
  4 phantoms
  63 orc warriors
  3 boring beetles
  2 rotting devils
  32 centaurs
  62 ogres
  A hill giant simulacrum (D:15)
  20 wargs
  15 crocodiles
  24 giant frogs
  A yaktaur zombie (Vaults:1)
  7 big kobolds
  A brain worm (D:16)
  A brain worm (shapeshifter) (D:25)
  A komodo dragon zombie (D:12)
  2 lava worms (D:20)
  9 giant slugs
  40 water moccasins
  Blork the orc (D:6)
  A glowing shapeshifter simulacrum (D:24)
  2 giant slug zombies
  2 cyclops zombies
  2 agate snails (shapeshifter)
  11 agate snails
  A gnoll sergeant (D:11)
  A deep troll simulacrum (Vaults:1)
  23 killer bees
  A cyclops skeleton (D:13)
  A hippogriff zombie (D:11)
  A manticore skeleton (D:7)
  A troll zombie (D:12)
  11 jellyfish
  A troll skeleton (D:12)
  2 yak skeletons
  13 lava snakes (D:20)
  3 electric eels
  13 crimson imps
  5 goliath beetles
  3 quasits
  19 jellies
  Crazy Yiuf (D:6)
  A black bear zombie (D:7)
  10 iguanas
  13 hounds
  27 orc priests
  6 big fish
  2 iron imps
  A two-headed ogre skeleton (D:7)
  A black bear skeleton (D:10)
  50 orc wizards
  7 scorpions
  36 worker ants
  A killer bee zombie (D:13)
  9 orange rats
  A big kobold zombie (D:14)
  A mottled dragon skeleton (D:16)
  38 sheep
  A big kobold skeleton (D:7)
  An ogre skeleton (D:5)
  7 boggarts
  2 hound zombies
  9 gnolls
  61 adders
  A gnoll (shapeshifter) (Vaults:5)
  11 giant centipedes
  31 green rats
  6 lemures
  A shadow imp (Elf:3)
  6 giant mites
  An inept feature mimic (D:6)
  8 white imps
  19 worms
  10 ufetubi
  2 giant eyeballs
  9 giant geckos
  2 oozes
  An orc (shapeshifter) (Vaults:5)
  222 orcs
  24 bats
  2 bat skeletons
  8 giant cockroaches
  22 goblins
  26 hobgoblins
  36 jackals
  41 kobolds
  13 quokkas
  A ball python (D:4)
  A bat (shapeshifter) (D:26)
  8 giant newts
  A goblin simulacrum (Orc:2)
  2 goblin skeletons (Orc:2)
  A kobold skeleton (D:5)
  An orc skeleton (D:10)
  3 orc zombies (Orc:2)
  A quokka skeleton (D:6)
  18 rats
  A spectral orc (D:13)
  A bush (Lair:8)
  7 crawling corpses
  8 fungi
  60 plants
  A tentacle (Shoals:3)
3279 creatures vanquished.

Vanquished Creatures (collateral kills)
  68 ball lightnings
68 creatures vanquished.

Vanquished Creatures (others)
  A deep elf knight (D:24)
  72 ball lightnings
  A frost giant simulacrum (D:24)
  A deep elf mage (Elf:3)
  An orc warrior (D:11)
  2 ogres
  A glowing shapeshifter simulacrum (D:24)
  4 fulminant prisms (D:7)
  A human (D:15)
  A white imp (IceCv)
  3 ufetubi (IceCv)
  7 orcs
  2 crawling corpses (D:24)
  6 fungi
  9 plants
  9 tentacles
  5 tentacle segments
126 creatures vanquished.

Grand Total: 3473 creatures vanquished
